 Dungeon Crawl Stone Soup version 0.17-a0-1939-ga475588 (webtiles) character file.

47 ololoev the Slasher (level 3, 0/26 HPs)
             Began as a High Elf Fighter on Sept 29, 2015.
             Succumbed to an adder's poison
             ... on level 3 of the Dungeon.
             The game lasted 00:02:00 (277 turns).

ololoev the Slasher (High Elf Fighter)               Turns: 277, Time: 00:02:00

Health: 0/26       AC:  7    Str: 16    XL:     3   Next: 48%
Magic:  4/4        EV:  6    Int: 12    God:
Gold:   16         SH:  8    Dex: 14    Spells: 0 memorised, 2 levels left

rFire  . . .     SeeInvis .     a - +0 long sword
rCold  . . .     Clarity  .     b - +0 scale mail
rNeg   . . .     SustAt   .     c - +0 shield
rPois  .         Gourm    .     d - +0 helmet
rElec  .         Spirit   .     (no cloak)
rCorr  .         Warding  .     (no gloves)
rMut   +         Stasis   .     (no boots)
MR     .....                    m - amulet of resist mutation
Stlth  ..........               (no ring)
                                j - ring of flight

@: lethally poisoned (0 -> -5), not resistant to hostile enchantments, extremely
unstealthy
A: no striking features
a: Evoke Flight

Inventory:

Hand weapons
 a - a +0 long sword (weapon)
Armour
 b - a +0 scale mail (worn)
 c - a +0 shield (worn)
 d - a +0 helmet (worn)
Jewellery
 j - a ring of flight (left hand)
 m - an amulet of resist mutation (around neck)
Scrolls
 h - a scroll of enchant armour {unknown}
 k - a scroll of noise {unknown}
Potions
 f - 2 potions of degeneration {unknown}
 g - a potion of magic {unknown}
 i - a potion of mutation {unknown}
Comestibles
 e - 2 bread rations
 l - 9 chunks of flesh


   Skills:
 + Level 3.4 Fighting
 * Level 3.8 Long Blades
 + Level 3.0 Armour
 - Level 2.6 Shields


You had 2 spell levels left.
You didn't know any spells.


You were on level 3 of the Dungeon.
You were not hungry.

You visited 1 branch of the dungeon, and saw 3 of its levels.

You collected 16 gold pieces.

###########.###
#.............#
#####
#.######.##.#.# #
#...####.#
##...#.#.#.#
#........#
#......#.#.#
#...######
##..^#.....## ##.##
##.####<.... #รท#
##########.# ######
####.###.S@....##.#
#........#####.##+#
#........#
#........#
#..........
#............
...............
###........####.
#######..#

Notes
Turn   | Place    | Note
--------------------------------------------------------------
     0 | D:1      | ololoev the High Elf Fighter began the quest for the Orb.
     0 | D:1      | Reached XP level 1. HP: 16/16 MP: 2/2
     6 | D:1      | Noticed a polar bear
     6 | D:1      | Noticed a redback
     6 | D:1      | Noticed a wolf
     6 | D:1      | Noticed a lindwurm
     6 | D:1      | Noticed a black mamba
   101 | D:2      | Noticed Robin
   105 | D:2      | Reached XP level 2. HP: 14/21 MP: 3/3
   120 | D:2      | Killed Robin
   142 | D:2      | Reached XP level 3. HP: 12/26 MP: 4/4
   193 | D:3      | Noticed DizzySkin's ghost (average TrMo)
   276 | D:3      | HP: 1/26 [adder (4)]
   277 | D:3      | Succumbed to an adder's poison

Dungeon Overview and Level Annotations

Branches:
Dungeon (3/15)

Altars:

Annotations:
D:3 DizzySkin's ghost, average TrMo


Message History

The adder is severely wounded.
The adder bites you.
You hit the adder.
You kill the adder!
You see here an adder corpse.
You butcher the adder corpse.
l - 9 chunks of flesh (gained 2)
You see here an adder skeleton.
Found a square steel amulet.
An adder comes into view.
You see here a square steel amulet.
m - a square steel amulet Put on which piece of jewellery? (? for menu, Esc to quit)
m - an amulet of resist mutation (around neck) Put on which piece of jewellery? (? for menu, Esc to quit)
Okay, then.
Use which ability?
Okay, then.
You closely miss the adder. You block the adder's attack. The adder bites you.
You miss the adder. You block the adder's attack.
Your shield and scale mail prevent you from hitting the adder.
The adder bites you but does no damage. x2
You barely miss the adder. The adder bites you.
You slash the adder!
The adder is heavily wounded.
The adder closely misses you. You block the adder's attack.
Your scale mail prevents you from hitting the adder.
The adder is heavily wounded.
The adder barely misses you. The adder bites you but does no damage.
You hit the adder but do no damage.
The adder is heavily wounded.
You block the adder's attack. x2
You hit the adder but do no damage.
The adder is heavily wounded.
The adder bites you.
You are lethally poisoned!
The adder poisons you!
You miss the adder.
The adder is heavily wounded.
You die...

You could see an adder.

Vanquished Creatures
  Robin (D:2)
  An adder (D:3)
  A ball python (D:1)
  2 giant cockroaches (D:2)
  4 hobgoblins (D:2)
  A bat (D:2)
  9 goblins (D:2)
  3 kobolds (D:2)
  A quokka (D:2)
  3 rats (D:2)
26 creatures vanquished.

Action                   || total
-------------------------++-------
Melee: Long sword        ||    74
  Use: Potion            ||     1

Vault maps used:
D:1:      onia_arrival_zoo_common
D:2:      uniq_robin
D:3:      lemuel_flame_loot_1, uniq_jessica
